AoeStats
← TonTonJu

Arabia

510309482Analyzed
1v1 RM · 22h ago on Sep 30, 2026· 43m 23s· 2 players
Game mode
Random Map
Map size
Tiny (2 player)
Population
200
Speed
Normal
Resources
Standard
Victory
Conquest
Starting age
Dark Age
Ending age
Imperial Age
RankedLock teamsTeams togetherTeam positionsShared explorationLock speedFull tech treeHidden civsTurbo modeCheats
Victory
Defeat
🇨🇳 Maya · China
1378
+15
🇹🇼 Varangians · Taiwan
1349
-15
allenboon
6:41 Loom
6:52 Loom
9:33 Feudal Age
10:29 Horse Collar
10:38 Double-Bit Axe
14:03 Bloodlines
21:13 Castle Age
20:06 Fletching
20:21 Gold Mining
21:51 Padded Archer Armor
21:20 Elite Skirmisher
24:30 Bow Saw
25:00 Husbandry
25:18 Town Watch
29:06 Bodkin Arrow
35:36 Wheelbarrow
37:52 Stone Mining
38:28 Scale Barding Armor
42:53 Imperial Age
41:38 Forging
TonTonJu
0:27 Loom
9:20 Feudal Age
9:50 Double-Bit Axe
18:47 Castle Age
17:42 Fletching
18:09 Horse Collar
18:53 Crossbowman
20:26 Bodkin Arrow
22:25 Padded Archer Armor
24:55 Bow Saw
31:24 Wheelbarrow
30:37 Town Watch
32:21 Ballistics
32:29 Gold Mining
33:27 Stone Mining
37:41 Imperial Age
35:44 Scale Mail Armor
35:24 Eagle Warrior
36:29 Forging
37:22 Chain Mail Armor
37:56 Arson
37:59 Elite Eagle Warrior
39:45 Plate Mail Armor
39:20 Bracer
39:56 Arson
41:22 Chemistry
42:00 Holcans
41:55 Hand Cart
41:46 Arbalester
43:13 Squires
43:20 Thumb Ring
43:48 Leather Archer Armor
44:09 Iron Casting
Connection lost

Rejoining the realm…

Still unreachable

The connection could not be restored.

Session expired

The server has moved on; the page needs a fresh start.